 Dungeon Crawl Stone Soup version 0.25-b1-23-ge2ad7d536c (webtiles) character file.

Game seed: 17773648526819848508, levelgen mode: deterministic

150838 lepoulpe303 the Unseen (level 16, -1/85 HPs)
             Began as a Spriggan Hunter on May 31, 2020.
             Was the Champion of Okawaru.
             Slain by a shambling mangrove (11 damage)
             ... on level 2 of the Swamp on June 2, 2020.
             The game lasted 04:14:03 (51473 turns).

lepoulpe303 the Unseen (Spriggan Hunter)           Turns: 51473, Time: 04:14:03

Health: -1/85      AC:  6    Str: 18    XL:     16   Next: 99%
Magic:  19/29      EV: 31    Int: 14    God:    Okawaru [******]
Gold:   3274       SH:  0    Dex: 24    Spells: 18/31 levels left

rFire    . . .     SeeInvis +   a - +10 dagger of Ghostly Cruel Justice {vorpal, rElec SInv}
rCold    . . .     Gourm    .   (shield restricted)
rNeg     . . .     Faith    .   y - +1 troll leather armour {regen}
rPois    .         Spirit   .   U - +1 hat
rElec    +         Reflect  .   V - scarf {+Inv}
rCorr    .         Harm     .   (gloves unavailable)
MR       +++..                  (boots unavailable)
Stlth    +++++++...             G - amulet of magic regeneration
HPRegen  0.64/turn              x - +6 ring of strength
MPRegen  0.46/turn              H - ring of Cidosk {MR+ Dex+6}

@: grasped by roots, very slightly contaminated, constricted, very quick
A: very small, unfitting armour, see invisible, herbivore, speed 3, slow
metabolism 2
a: Heroism, Finesse, Renounce Religion, Evoke Invisibility


You were on level 2 of the Swamp.
You worshipped Okawaru.
Okawaru was exalted by your worship.
You were not hungry.

You visited 5 branches of the dungeon, and saw 27 of its levels.
You also visited: Sewer and Bailey.

You collected 3554 gold pieces.
You spent 280 gold pieces at shops.

Inventory:

Hand Weapons
 a - the +10 dagger of Ghostly Cruel Justice (weapon) {vorpal, rElec SInv}
   (Okawaru gifted it to you on level 5 of the Lair of Beasts)

   It inflicts extra damage upon your enemies.
   It insulates you from electricity.
   It lets you see invisible.
 b - the +10 shortbow of No Interval {freeze, rC+ SInv}
   (Okawaru gifted it to you on level 15 of the Dungeon)

   It causes projectiles fired from it to freeze those they strike, causing
   extra injury to most foes and up to half again as much damage against
   particularly susceptible opponents.
   They can also slow down cold-blooded creatures.
   It protects you from cold.
   It lets you see invisible.
 c - the +11 short sword of Ulu Usix {freeze, +Rage MP+9 Str-2 Int+3}
   (Okawaru gifted it to you on level 6 of the Lair of Beasts)

   It has been specially enchanted to freeze those struck by it, causing extra
   injury to most foes and up to half again as much damage against particularly
   susceptible opponents.
   It can also slow down cold-blooded creatures.
   It affects your strength (-2).
   It affects your intelligence (+3).
   It affects your magic capacity (+9).
   It lets you go berserk.
 o - a +2 dagger of venom
Missiles
 N - 13 curare-tipped darts
 P - 29 poisoned darts (quivered)
 Q - 300 arrows
Armour
 k - a +2 robe of cold resistance {rC+}
 m - the +3 hat of Pondering {ponderous, MR+ MP+10 Int+5}
   (You took it off Gastronok on level 11 of the Dungeon)

   It affects your intelligence (+5).
   It affects your resistance to hostile enchantments.
   It affects your magic capacity (+10).
 v - a +2 robe of magic resistance {MR+}
 y - a +1 troll leather armour (worn) {regen}
 C - a +1 cloak of preservation
 U - a +1 hat (worn)
 V - a scarf of invisibility (worn)
 W - +2 fire dragon scales
Jewellery
 x - a +6 ring of strength (left hand)
 F - an uncursed ring of protection from fire
 G - an amulet of magic regeneration (around neck)
 H - the ring of Cidosk (right hand) {MR+ Dex+6}
   (You found it on level 6 of the Dungeon)

   [ring of dexterity]

   It affects your dexterity (+6).
   It affects your resistance to hostile enchantments.
 I - an uncursed ring of protection from cold
 J - a +4 ring of evasion
 R - an uncursed ring of flight
Wands
 E - a wand of acid (18)
 M - a wand of clouds (6)
 S - a wand of iceblast (13)
 T - a wand of paralysis (29)
 Y - a wand of enslavement (4)
 Z - a wand of disintegration (13)
Scrolls
 f - a scroll of fog
 g - 4 scrolls of fear
 i - 2 scrolls of identify
 j - 2 scrolls of magic mapping {!r}
 t - 5 scrolls of teleportation
 w - 10 scrolls of remove curse
 B - 5 scrolls of blinking {!r}
 D - a scroll of amnesia
 K - a scroll of summoning
 L - 2 scrolls of immolation {!r}
Potions
 d - 3 potions of might
 h - a potion of haste
 l - 5 potions of heal wounds
 n - 2 potions of cancellation
 p - 4 potions of magic
 q - 8 potions of curing
 r - a potion of resistance {unknown}
 u - 2 potions of ambrosia
 z - 6 potions of stabbing
 A - 3 potions of berserk rage {!q}
 O - 2 potions of lignification {!q}
 X - 5 potions of flight
Miscellaneous
 s - a phial of floods
Comestibles
 e - 23 rations


   Skills:
 + Level 9.8 Fighting
 - Level 10.0 Short Blades
 - Level 14.0 Bows
 - Level 4.2 Armour
 + Level 15.4 Dodging
 * Level 18.0 Stealth
   Level 3.0 Shields
 + Level 8.2 Spellcasting
 + Level 8.3 Hexes
 - Level 5.1 Translocations
 * Level 13.3 Invocations
 + Level 9.2 Evocations


You had 18 spell levels left.
You knew the following spells:

 Your Spells              Type           Power        Failure   Level  Hunger
a - Portal Projectile     Hex/Tloc       ###...       2%          3    ##.....
b - Cause Fear            Hex            ####......   4%          4    ####...
c - Summon Guardian Gole  Hex/Summ       ###.....     8%          3    ##.....
s - Slow                  Hex            ####....     1%          2    None
v - Corona                Hex            ####...      1%          1    None

Your spell library contained the following spells:

 Spells                   Type           Power        Failure   Level  Hunger
 Apportation              Tloc           ###...       1%          1    None
 Blink                    Tloc           N/A          2%          2    None
 Inner Flame              Hex/Fire       ###.....     8%          3    ##.....
 Animate Skeleton         Necr           N/A          16%         1    None
 Freeze                   Ice            #...         16%         1    None
 Magic Dart               Conj           #...         16%         1    None
 Shock                    Conj/Air       #...         16%         1    None
 Summon Small Mammal      Summ           #...         16%         1    None
 Call Imp                 Summ           #.......     22%         2    None
 Swiftness                Chrm/Air       #.......     22%         2    None
 Leda's Liquefaction      Hex/Erth       ###.......   26%         4    ####...
 Call Canine Familiar     Summ           #.......     41%         3    ##.....
 Conjure Flame            Conj/Fire      #.......     41%         3    ##.....
 Frozen Ramparts          Ice            #.....       41%         3    ##.....
 Mephitic Cloud           Conj/Pois/Air  #.......     41%         3    ##.....
 Ozocubu's Armour         Chrm/Ice       #.......     41%         3    ##.....
 Static Discharge         Conj/Air       #.......     41%         3    ##.....
 Airstrike                Air            #.........   83%         4    ####...
 Hailstorm                Conj/Ice       #.......     83%         4    ####...
 Summon Ice Beast         Ice/Summ       #.......     83%         4    ####...
 Summon Lightning Spire   Summ/Air       #.......     83%         4    ####...
 Lightning Bolt           Conj/Air       #.........   99%         5    #####..


Dungeon Overview and Level Annotations

Branches:
Dungeon (15/15)            Temple (1/1) D:6            Lair (6/6) D:8
  Swamp (3/4) Lair:2        Snake (0/4) Lair:2        Slime (0/5) Lair:5
    Orc (2/2) D:12            Elf (0/3) Orc:2        Vaults (0/5) D:14
 Depths (0/5) D:15          Sewer (visited)          Bailey (visited)

Altars:
Ashenzari
Cheibriados
Dithmenos
Elyvilon
Fedhas
Gozag
Hepliaklqana
Kikubaaqudgha
Makhleb
Nemelex Xobeh
Okawaru
Qazlal
Ru
Sif Muna
Trog
Uskayaw
Vehumet
Wu Jian
Xom
Yredelemnul
Zin
The Shining One
Beogh

Shops:
D:12 [   Orc:2 %([!

Annotations:
Lair:4 1 runed translucent door, Nubia's ghost, journeyman GnEn
Swamp:2 Nikola; Roxanne


Innate Abilities, Weirdness & Mutations

You are very small and have problems with some larger weapons.
You are too small for most types of armour.
You have supernaturally acute eyesight. (SInv)
You are a herbivore.
You cover ground extremely quickly.
You need to consume almost no food.


Message History

Really read
B - 6 scrolls of blinking {!r}? [Y]es or [N]o only, please.
Really read
B - 6 scrolls of blinking {!r}? [Y]es or [N]o only, please.
Really read
B - 6 scrolls of blinking {!r}? [Y]es or [N]o only, please.
Really read
B - 6 scrolls of blinking {!r}?
Blink to where?
As you read the scroll of blinking {!r}, it crumbles to dust.
You feel sick. The bog body casts a spell at you.
You resist with almost no effort.
Roots burst forth from the earth!
The grasping roots grab you!
* * * LOW HITPOINT WARNING * * *
The grasping roots constrict you!
You take 14 damage, and have 3/85 hp.
You feel better.
You regained 6 hp, and now have 9/85 hp.
The roots' grasp on you weakens, but your attempt to escape fails.
You die...

.. ♣ ♣.≈ ♣≈≈ ♣≈.≈
♣.. ♣♣.≈..
≈♣♣..♣♣♣♣♣..%.
....≈≈≈...♣..≈♣
≈≈...≈≈≈≈≈≈≈≈...≈♣
≈≈≈≈.≈≈≈≈≈≈≈≈≈≈@.♣
≈≈≈..≈≈≈≈..≈≈≈≈F.♣
≈≈≈≈≈..........♣♣♣
≈≈≈≈≈.....>.i≈.≈♣
f≈≈≈≈≈≈≈.$≈≈i≈(♣♣
nF...≈≈≈.f..≈≈(♣♣
♣≈§≈..nf≈≈≈≈.♣
♣♣♣♣≈≈.≈.≈≈≈♣♣
≈♣♣♣♣♣≈...♣≈.♣♣


You could see 2 shambling mangroves, 2 spriggan riders, a bog body and a spiny
frog.

Levels and vault maps discovered:
D:1:      ebering_hopf_link, layout_rooms, serial_forest,
          infiniplex_forest_straight_1, infiniplex_forest_clump_large,
          infiniplex_forest_end_2, infiniplex_forest_fountain,
          infiniplex_forest_clump_double, grunt_decor_cap
D:2:      layout_basic, lemuel_round_altar, roderic_roman_lattice, uniq_robin
D:3:      layout_basic, nicolae_overflow_crystal_walls
D:4:      layout_loops_corners, serial_glass, glass_columns_c, glass_columns_b,
          gammafunk_ghost_split, first_ration, roderic_serpentine_path,
          uniq_menkaure, uniq_duvessa, uniq_sigmund, uniq_pikel
D:5:      layout_rooms, lightli_sewer_entry_pipes, nrook_pool_corridor,
          hangedman_decor_points, lightli_minifort
D:6:      layout_loops_ring, minmay_temple_entry_fiery, abandoned_shop
D:7:      layout_gridville
D:8:      nicolae_whirlpool, layout_cave_pools, marbit_many_paths,
          xom_redecorated, okawaru_gym_becter, minmay_lair_entry_grove,
          grunt_ogre_cave
D:9:      layout_basic, kennysheep_little_box, uniq_psyche
D:10:     layout_basic, enter_bailey_8, hangedman_decor_slide_cut,
          eino_house_with_fridge
D:11:     layout_roguey, minmay_radiant, uniq_gastronok, uniq_snorg
D:12:     layout_loops_ring, orc_0_dummy, serial_shops, shop, uniq_nergalle,
          uniq_urug
D:13:     layout_gridville, elves_outpost_lemuel
D:14:     layout_roguey, ximxim_vaults_locker_room, kennysheep_cluttered_room
D:15:     gammafunk_enter_depths_forms, layout_loops_corners,
          hangedman_abyss_or_decor_jellyfish_corner
Temple:   eino_temple_rhombus
Lair:1:   layout_chaotic_city, grunt_megastairs_2, lemuel_fruit_fields
Lair:2:   layout_roguey, minmay_swamp_entry_worms,
          minmay_snake_entry_guardpost_medium, serial_bayou_shore_a
Lair:3:   layout_concentric_octagons, serial_rivers,
          chequers_serial_rivers_micro_b, chequers_serial_rivers_small_b,
          chequers_serial_rivers_marsh, chequers_serial_rivers_micro_b,
          st_stairs_3
Lair:4:   pond_and_an_island_with_a_cottage, layout_concentric_octagons,
          ebering_ghost_xom, beast_lair_carwin_9, infiniplex_staircase_pool_2,
          lemuel_fruit_fields
Lair:5:   layout_cave_pods, minmay_slime_entry_oklob_open,
          grunt_forest_small_clearings
Lair:6:   due_jungle_book, layout_gridlike, special_room
          [special_room_mythical_zoo], minmay_lair_oklob_chamber
Swamp:1:  layout_basic_swamp, nicolae_swamp_dense_foliage, swamp_pool4
Swamp:2:  layout_basic_swamp, hangedman_swamp_blocks, uniq_roxanne, uniq_nikola,
          uniq_kirke
Swamp:3:  layout_falls_marsh, evilmike_swamp_ruin_house_5
Orc:1:    orc_temple, layout_caves, uniq_jorgrun
Orc:2:    st_orc_ogre_mass, layout_diamond_mine, basic_altar

Notes
Turn   | Place    | Note
-------+----------+-------------------------------------------
     0 | D:1      | lepoulpe303 the Spriggan Hunter began the quest for the
                  | Orb.
     0 | D:1      | Reached XP level 1. HP: 10/10 MP: 2/2
     0 | D:1      | Identified a +0 short sword
    27 | D:1      | Identified a +0 club
    35 | D:1      | Identified a +0 club
    40 | D:1      | Identified a +1 shortbow
   113 | D:1      | Reached skill level 5 in Bows
   368 | D:1      | Reached skill level 2 in Stealth
   372 | D:1      | Reached XP level 2. HP: 11/15 MP: 3/3
   453 | D:1      | Identified a +0 club
   546 | D:1      | Identified a +0 club
  1340 | D:2      | Identified a +0 dagger
  1361 | D:2      | Reached XP level 3. HP: 12/18 MP: 4/4
  1531 | D:2      | Reached skill level 1 in Short Blades
  1551 | D:2      | Identified a +0 club
  1551 | D:2      | Identified a +0 animal skin
  1551 | D:2      | Identified a +0 helmet
  1551 | D:2      | Noticed Robin
  1551 | D:2      | Identified a +0 dagger
  1551 | D:2      | Identified a +0 club
  1551 | D:2      | Identified a cursed -1 club
  1551 | D:2      | Identified a +0 club
  1551 | D:2      | Identified a +0 hunting sling
  1591 | D:2      | Identified a +0 dagger
  1613 | D:2      | Killed Robin
  1613 | D:2      | Reached skill level 2 in Fighting
  1629 | D:2      | Identified a +0 club
  1661 | D:2      | Identified a +0 club
  1757 | D:2      | Identified a cursed -3 club
  1874 | D:2      | Identified 3 scrolls of identify
  1874 | D:2      | Identified an amulet of guardian spirit (You found it on
                  | level 2 of the Dungeon)
  1945 | D:2      | Reached XP level 4. HP: 15/23 MP: 5/5
  2178 | D:2      | Identified a +0 club
  2286 | D:2      | Found a snail-covered altar of Cheibriados.
  2800 | D:2      | Identified a cursed +0 robe (You found it on level 2 of the
                  | Dungeon)
  2871 | D:3      | Reached skill level 3 in Stealth
  2968 | D:3      | Identified a +0 dagger
  3129 | D:3      | Found a hazy altar of Hepliaklqana.
  3144 | D:3      | Identified a +0 long sword
  3343 | D:3      | Reached skill level 4 in Dodging
  3343 | D:3      | Reached XP level 5. HP: 19/26 MP: 4/6
  3485 | D:3      | Reached skill level 2 in Short Blades
  3486 | D:3      | Reached skill level 6 in Bows
  3600 | D:3      | Noticed a phantom
  3639 | D:3      | Killed a phantom
  3944 | D:3      | Identified a +0 dagger
  4178 | D:4      | Identified a +2 short sword of venom
  4178 | D:4      | Identified a +1 chain mail of fire resistance
  4178 | D:4      | Noticed Duvessa
  4178 | D:4      | Identified a +0 dagger of flaming
  4178 | D:4      | Identified a +0 robe
  4178 | D:4      | Noticed Dowan
  4533 | D:4      | Reached XP level 6. HP: 32/32 MP: 7/7
  4615 | D:4      | Identified a +0 dagger
  4615 | D:4      | Identified a +0 robe
  4617 | D:4      | Identified a +0 short sword
  4617 | D:4      | Identified a +0 leather armour
  4617 | D:4      | Identified a +6 ring of strength
  4620 | D:4      | Reached skill level 4 in Stealth
  4648 | D:4      | Noticed a slave
  4648 | D:4      | Noticed a slave
  4657 | D:4      | Identified a +0 whip of freezing
  4657 | D:4      | Identified a +0 robe
  4657 | D:4      | Noticed Pikel
  4754 | D:4      | Killed a slave
  4914 | D:4      | Killed Pikel
  4914 | D:4      | Reached skill level 3 in Fighting
  4914 | D:4      | Reached skill level 3 in Short Blades
  4914 | D:4      | Reached skill level 7 in Bows
  4914 | D:4      | Reached skill level 5 in Dodging
  4914 | D:4      | Reached skill level 5 in Stealth
  4914 | D:4      | Reached XP level 7. HP: 33/36 MP: 5/8
  5079 | D:4      | Identified a +0 scythe
  5079 | D:4      | Identified a +0 robe
  5079 | D:4      | Noticed Sigmund
  5214 | D:4      | Noticed Menkaure
  5220 | D:4      | Killed Menkaure
  5220 | D:4      | Reached skill level 8 in Bows
  5251 | D:4      | Noticed Nebesus's ghost (amateur GrFi)
  5254 | D:4      | Identified a +0 club
  5254 | D:4      | Identified a +0 robe
  5261 | D:4      | Found a runed translucent gate.
  5261 | D:4      | Found a runed translucent gate.
  5261 | D:4      | Found a runed translucent gate.
  5311 | D:4      | Identified a +0 trident
  5371 | D:4      | Identified a +0 hand axe
  5373 | D:4      | Identified a cursed -3 flail
  5373 | D:4      | Identified a +0 ring mail
  5910 | D:4      | Killed Dowan
  6224 | D:4      | Killed Nebesus's ghost
  6224 | D:4      | Reached skill level 4 in Short Blades
  6224 | D:4      | Reached skill level 6 in Dodging
  6224 | D:4      | Reached XP level 8. HP: 40/40 MP: 9/9
  6280 | D:4      | Killed Sigmund
  6280 | D:4      | Reached skill level 6 in Stealth
  6653 | D:4      | Killed Duvessa
  6774 | D:5      | Entered Level 5 of the Dungeon
  6853 | D:5      | Identified a +0 spear
  6853 | D:5      | Identified a cursed +0 ring mail
  6853 | D:5      | Identified a +0 buckler
  6853 | D:5      | Identified a +0 spear
  6853 | D:5      | Identified a +0 whip
  6853 | D:5      | Identified a +0 halberd
  6894 | D:5      | Identified a +0 mace
  6895 | D:5      | Identified a +0 whip of pain
  6922 | D:5      | Identified a +0 trident
  6922 | D:5      | Identified a +0 leather armour
  6956 | D:5      | Reached skill level 9 in Bows
  7087 | D:5      | Identified a +0 hand axe
  7089 | D:5      | Identified a +0 club
  7140 | D:5      | Identified 2 potions of haste
  7150 | D:5      | HP: 5/42 [orc priest/divine providence (8)]
  7152 | D:5      | Identified 2 potions of lignification
  7175 | D:5      | Identified a ring of intelligence (You found it on level 5
                  | of the Dungeon)
  7245 | D:5      | Found a glowing drain.
  7262 | D:5      | HP: 9/42 [worm (3)]
  7271 | Sewer    | Entered a sewer
  7691 | Sewer    | Reached skill level 7 in Stealth
  7894 | Sewer    | Reached skill level 4 in Fighting
  7965 | Sewer    | Identified 5 scrolls of remove curse
  7966 | Sewer    | Identified 3 scrolls of fog
  7971 | Sewer    | HP: 8/42 [bullfrog (6)]
  7979 | Sewer    | HP: 7/42 [bullfrog (1)]
  7985 | Sewer    | HP: 10/63 [bullfrog (1)]
  7992 | Sewer    | HP: 9/63 [bullfrog (1)]
  8007 | Sewer    | HP: 8/63 [bullfrog (2)]
  8015 | Sewer    | HP: 7/63 [bullfrog (2)]
  8018 | Sewer    | Reached skill level 7 in Dodging
  8026 | Sewer    | HP: 6/63 [giant cockroach (1)]
  8444 | D:5      | Reached skill level 5 in Short Blades
  8892 | D:5      | Identified a +0 giant club
  9062 | D:5      | Reached XP level 9. HP: 45/45 MP: 10/10
  9335 | D:6      | Identified 5 scrolls of blinking
  9336 | D:6      | Identified 2 potions of curing
  9337 | D:6      | Identified 2 potions of flight
  9339 | D:6      | Identified a +0 dagger
  9346 | D:6      | Identified a ring of magical power (You found it on level 6
                  | of the Dungeon)
  9385 | D:6      | Identified a +1 falchion of holy wrath
  9391 | D:6      | Identified a cursed -1 club
  9456 | D:6      | Identified a +0 short sword
  9483 | D:6      | Identified a cursed -2 war axe
  9497 | D:6      | Identified a +0 dagger
  9497 | D:6      | Identified a +0 robe
  9533 | D:6      | Identified a +0 dagger
  9533 | D:6      | Identified a cursed -1 robe
  9534 | D:6      | Identified a +0 leather armour
  9541 | D:6      | Identified a +0 dagger
  9541 | D:6      | Identified a +0 robe
  9543 | D:6      | Identified a +0 dagger
  9543 | D:6      | Identified a +0 robe
  9573 | D:6      | Identified a +0 dagger
  9634 | D:6      | Identified a +0 giant club
  9712 | D:6      | Identified a +0 flail
  9719 | D:6      | Reached skill level 10 in Bows
  9741 | D:6      | Reached skill level 8 in Stealth
  9799 | D:6      | Found a staircase to the Ecumenical Temple.
  9805 | Temple   | Entered the Ecumenical Temple
 10020 | D:6      | Identified a +0 giant club
 10175 | D:6      | Got a wavering golden ring
 10176 | D:6      | Identified a +0 giant club
 10189 | D:6      | Reached skill level 8 in Dodging
 10232 | D:6      | Identified the ring of Cidosk {MR+ Dex+6} (You found it on
                  | level 6 of the Dungeon)
 10619 | D:7      | lepoulpe303: !whichgod sphu
 10619 | D:7      | meem: 17 recent wins for sphu: 10x Okawaru, 2x Dithmenos,
                  | 2x Elyvilon, 2x Gozag, Ashenzari
 10650 | D:7      | Identified a cursed -1 club
 10652 | D:7      | Identified a +0 dagger
 10652 | D:7      | Identified a +0 robe
 10654 | D:7      | Identified a +0 whip
 10654 | D:7      | Identified a cursed +0 scale mail
 10891 | D:7      | Identified a +0 dagger
 10891 | D:7      | Identified a +0 robe
 10894 | D:7      | Identified a +0 dagger
 10894 | D:7      | Identified a +0 robe
 10895 | D:7      | Reached skill level 6 in Short Blades
 10897 | D:7      | Identified a +0 dagger
 10897 | D:7      | Identified a +0 leather armour
 10899 | D:7      | Identified a +0 flail
 10904 | D:7      | Identified a +0 falchion
 10904 | D:7      | Identified a +0 leather armour
 11827 | D:7      | Identified a +1 dagger of freezing
 11834 | D:7      | Identified a +0 dagger
 11834 | D:7      | Identified a +0 robe
 11907 | D:7      | Reached skill level 9 in Stealth
 12438 | D:7      | Reached skill level 5 in Fighting
 12688 | D:7      | Reached skill level 11 in Bows
 12814 | D:7      | HP: 9/47 [yak (9)]
 12822 | D:7      | Reached XP level 10. HP: 11/51 MP: 4/11
 13799 | D:8      | Found an iron altar of Okawaru.
 13804 | D:8      | Identified a +0 hand axe
 13807 | D:8      | Became a worshipper of Warmaster Okawaru
 13815 | D:8      | Identified a +0 flail
 13815 | D:8      | Identified a +0 whip
 13815 | D:8      | Identified a +0 leather armour
 13816 | D:8      | Identified a +0 dagger
 13816 | D:8      | Identified a +0 leather armour of magic resistance
 13873 | D:8      | Reached skill level 9 in Dodging
 14188 | D:8      | Reached skill level 1 in Invocations
 14282 | D:8      | Identified a +0 shortbow
 14286 | D:8      | Identified a +0 shortbow
 14289 | D:8      | Identified a +0 shortbow
 14292 | D:8      | HP: 12/51 [centaur/arrow (2)]
 14292 | D:8      | HP: 2/51 [centaur/arrow (10)]
 14460 | D:8      | Identified a +0 shortbow
 14485 | D:8      | HP: 7/51 [centaur/arrow (9)]
 14854 | D:8      | Found a shimmering altar of Xom.
 14857 | D:8      | Found a staircase to the Lair.
 14858 | D:8      | Found a shimmering altar of Xom.
 15031 | D:8      | Identified a +0 short sword
 15052 | D:8      | Reached * piety under Okawaru
 15052 | D:8      | Reached skill level 2 in Invocations
 15076 | D:8      | Identified a +0 giant club
 15076 | D:8      | Identified a +0 giant club
 15076 | D:8      | Noticed a two-headed ogre
 15120 | D:8      | Killed a two-headed ogre
 15120 | D:8      | Reached skill level 7 in Short Blades
 15281 | D:8      | Identified a +0 giant spiked club
 15284 | D:8      | Reached skill level 10 in Stealth
 15328 | D:8      | Found a shimmering altar of Xom.
 15339 | D:8      | Found a shimmering altar of Xom.
 15339 | D:8      | Found a shimmering altar of Xom.
 15356 | D:8      | Reached skill level 3 in Invocations
 15629 | D:8      | Found a glowing golden altar of the Shining One.
 15734 | Lair:1   | Entered Level 1 of the Lair of Beasts
 15910 | D:8      | Reached skill level 12 in Bows
 16256 | D:8      | Reached ** piety under Okawaru
 16682 | D:8      | Reached skill level 4 in Invocations
 16682 | D:8      | Reached XP level 11. HP: 27/56 MP: 7/15
 17393 | Lair:1   | Noticed a seven-headed hydra
 17480 | Lair:1   | Reached skill level 10 in Dodging
 17770 | Lair:1   | Reached *** piety under Okawaru
 18070 | Lair:1   | Reached skill level 6 in Fighting
 18135 | Lair:1   | Received a gift from Okawaru
 18159 | Lair:1   | Reached skill level 5 in Invocations
 18764 | Lair:2   | Reached skill level 11 in Stealth
 18875 | Lair:2   | Reached **** piety under Okawaru
 18925 | Lair:2   | Identified 2 potions of berserk rage
 18926 | Lair:2   | Identified 3 potions of magic
 19365 | Lair:2   | Reached skill level 8 in Short Blades
 19390 | Lair:2   | Received a gift from Okawaru
 19558 | Lair:2   | Reached skill level 13 in Bows
 19701 | Lair:2   | Reached skill level 6 in Invocations
 20250 | Lair:2   | Found a staircase to the Swamp.
 20484 | Lair:2   | HP: 7/58 [swamp worm (10)]
 20493 | Lair:2   | Reached ***** piety under Okawaru
 20784 | Lair:2   | Identified a +0 glaive
 20853 | Lair:2   | Identified a +0 battleaxe
 20853 | Lair:2   | Identified a +0 flail
 20857 | Lair:2   | Received a gift from Okawaru
 20857 | Lair:2   | Reached skill level 11 in Dodging
 20859 | Lair:2   | Identified a +0 hand axe
 20879 | Lair:2   | Reached XP level 12. HP: 62/62 MP: 17/17
 20915 | Lair:2   | Found a staircase to the Snake Pit.
 21374 | Lair:2   | Identified 3 scrolls of random uselessness
 21375 | Lair:2   | Identified 3 scrolls of amnesia
 21376 | Lair:2   | Identified 2 scrolls of fear
 21377 | Lair:2   | Identified 2 scrolls of enchant armour
 22504 | Lair:2   | Reached skill level 7 in Invocations
 22792 | Lair:3   | Reached skill level 12 in Stealth
 23196 | Lair:3   | Identified a +0 short sword of distortion (You found it on
                  | level 3 of the Lair of Beasts)
 23662 | Lair:3   | Received a gift from Okawaru
 23880 | Lair:4   | Reached skill level 9 in Short Blades
 23880 | Lair:4   | Reached skill level 14 in Bows
 23960 | Lair:4   | Found a runed translucent door.
 23960 | Lair:4   | Found a shimmering altar of Xom.
 23960 | Lair:4   | Noticed Nubia's ghost (journeyman GnEn)
 24071 | Lair:4   | Identified a +0 dagger
 24071 | Lair:4   | Identified a +0 robe
 24078 | Lair:4   | Received a gift from Okawaru
 24086 | Lair:4   | Identified a +1 hat (Okawaru gifted it to you on level 4 of
                  | the Lair of Beasts)
 24116 | Lair:4   | Identified the +6 great sword of the Absolute Madman
                  | {chaos, +Blink rC+}
 24219 | Lair:4   | Reached skill level 7 in Fighting
 24397 | Lair:4   | Noticed a death yak
 24721 | Lair:3   | Killed a death yak
 24721 | Lair:3   | Reached skill level 1 in Armour
 24721 | Lair:3   | Reached skill level 1 in Shields
 24721 | Lair:3   | Reached skill level 8 in Invocations
 24808 | Lair:4   | Noticed a death yak
 24817 | Lair:4   | Noticed a death yak
 24899 | Lair:3   | Killed a death yak
 25054 | Lair:3   | Killed a death yak
 26064 | Lair:5   | Reached skill level 12 in Dodging
 26067 | Lair:5   | Reached XP level 13. HP: 67/67 MP: 20/20
 26153 | Lair:5   | HP: 6/67 [acid (12)]
 27327 | Lair:5   | Found a staircase to the Slime Pits.
 27604 | Lair:5   | HP: 10/67 [shambling mangrove (14)]
 27891 | Lair:5   | Identified a ring of evasion (You found it on level 7 of
                  | the Dungeon)
 27962 | Lair:5   | Identified 4 potions of heal wounds
 27963 | Lair:5   | Identified 3 potions of stabbing
 28347 | Lair:5   | Reached skill level 2 in Shields
 28412 | Lair:5   | Reached skill level 2 in Armour
 29143 | Lair:5   | Reached skill level 13 in Stealth
 29586 | Lair:6   | Entered Level 6 of the Lair of Beasts
 29953 | Lair:5   | Reached skill level 9 in Invocations
 30293 | Lair:5   | Received a gift from Okawaru
 30296 | Lair:5   | Got a fine dagger {god gift}
 30297 | Lair:5   | Identified the +10 dagger of Ghostly Cruel Justice {vorpal,
                  | rElec SInv} (Okawaru gifted it to you on level 5 of the
                  | Lair of Beasts)
 31095 | Lair:6   | Received a gift from Okawaru
 31130 | Lair:6   | Reached skill level 10 in Short Blades
 31130 | Lair:6   | Reached skill level 3 in Shields
 31289 | Lair:6   | Learned a level 1 spell: Corona
 31362 | Lair:6   | Identified a scarf of invisibility (Okawaru gifted it to
                  | you on level 6 of the Lair of Beasts)
 31656 | Lair:6   | Reached skill level 3 in Armour
 31656 | Lair:6   | Reached skill level 1 in Evocations
 31700 | Lair:6   | Reached skill level 1 in Spellcasting
 31700 | Lair:6   | Reached skill level 1 in Hexes
 32661 | Lair:6   | Found the +0 staff of Battle
 32665 | Lair:6   | Reached skill level 2 in Evocations
 32671 | Lair:6   | Reached skill level 2 in Spellcasting
 32677 | Lair:6   | Reached skill level 2 in Hexes
 32677 | Lair:6   | Reached skill level 10 in Invocations
 32743 | Lair:6   | Reached skill level 8 in Fighting
 32743 | Lair:6   | Reached XP level 14. HP: 59/73 MP: 19/22
 33086 | Lair:5   | HP: 13/73 [catoblepas (20)]
 33475 | Lair:6   | Reached skill level 13 in Dodging
 33724 | Lair:5   | HP: 17/73 [spiny frog (14)]
 33725 | Lair:5   | Reached skill level 3 in Evocations
 34103 | Lair:6   | Reached skill level 14 in Stealth
 34478 | Lair:6   | Received a gift from Okawaru
 34481 | Lair:6   | Got a smoking short sword {god gift}
 34483 | Lair:6   | Identified the +11 short sword of Ulu Usix {freeze, +Rage
                  | MP+9 Str-2 Int+3} (Okawaru gifted it to you on level 6 of
                  | the Lair of Beasts)
 34585 | Lair:6   | Reached skill level 3 in Spellcasting
 34585 | Lair:6   | Reached skill level 3 in Hexes
 35138 | Lair:6   | Reached skill level 4 in Evocations
 35145 | Lair:6   | Received a gift from Okawaru
 35153 | Lair:6   | Identified a ring of protection from fire (You found it on
                  | level 6 of the Lair of Beasts)
 35157 | Lair:6   | Identified a ring of protection from cold (You found it on
                  | level 6 of the Lair of Beasts)
 35281 | Lair:5   | Reached skill level 4 in Spellcasting
 35524 | D:9      | Identified a +0 flail
 35524 | D:9      | Identified a +0 falchion
 35524 | D:9      | Identified a +0 leather armour
 35525 | D:9      | Identified a +0 glaive
 35525 | D:9      | Identified a +0 chain mail
 35541 | D:9      | Learned a level 2 spell: Slow
 35574 | D:9      | Reached skill level 4 in Armour
 35574 | D:9      | Reached skill level 4 in Hexes
 35756 | D:9      | Identified a +0 hand axe
 35756 | D:9      | Identified a +0 leather armour
 35756 | D:9      | Identified a +0 flail
 35756 | D:9      | Identified a +0 ring mail
 35779 | D:9      | Identified a +1 dagger of chaos
 35779 | D:9      | Identified a +0 robe
 35779 | D:9      | Noticed Psyche
 35784 | D:9      | Killed Psyche
 35844 | D:9      | Found a hide-covered altar of Uskayaw.
 35892 | D:9      | Identified a +0 giant club
 35925 | D:9      | Identified a +0 giant spiked club
 36341 | D:10     | Entered Level 10 of the Dungeon
 36349 | D:10     | Identified 2 scrolls of magic mapping
 36364 | D:10     | Identified a +0 hand axe
 36365 | D:10     | Identified a +0 club
 36365 | D:10     | Identified a cursed +0 trident
 36365 | D:10     | Identified a +0 scale mail
 36366 | D:10     | Identified a +0 short sword
 36366 | D:10     | Identified a +0 dagger
 36366 | D:10     | Identified a cursed +0 ring mail
 36398 | D:10     | Identified a +0 giant spiked club
 36398 | D:10     | Identified a +0 giant spiked club
 36500 | D:10     | Found a flagged portal.
 36556 | Bailey   | Entered a bailey
 36577 | Bailey   | Identified a +0 war axe
 36577 | Bailey   | Identified a cursed +0 scale mail
 36580 | Bailey   | Reached ****** piety under Okawaru
 36590 | Bailey   | Identified a +3 hand axe
 36590 | Bailey   | Identified a +0 ring mail
 36590 | Bailey   | Identified a +0 hand axe
 36590 | Bailey   | Identified a +0 leather armour
 36591 | Bailey   | Identified a +0 hand axe
 36591 | Bailey   | Identified a +0 leather armour
 36592 | Bailey   | Found a bloodstained altar of Trog.
 36592 | Bailey   | Identified a +0 war axe
 36592 | Bailey   | Identified a +0 chain mail
 36592 | Bailey   | Identified a +0 war axe
 36592 | Bailey   | Identified a cursed +0 plate armour
 36655 | D:10     | Identified 2 potions of ambrosia
 36690 | D:10     | Identified a cursed +0 shortbow
 36702 | D:10     | Reached skill level 11 in Invocations
 36730 | D:10     | Identified a +0 troll leather armour
 36953 | D:10     | Paralysed by a hornet for 1 turns
 37162 | D:10     | Identified a +0 dagger
 37162 | D:10     | Identified a cursed +0 robe
 37203 | D:10     | Reached skill level 5 in Evocations
 37498 | D:10     | Identified a +0 whip
 37498 | D:10     | Identified a +0 scale mail
 37500 | D:10     | Identified a cursed -1 dagger
 37500 | D:10     | Identified a +0 leather armour
 37501 | D:10     | Identified a +0 falchion
 37811 | D:11     | Noticed Snorg
 37816 | D:11     | Killed Snorg
 37832 | D:11     | Noticed Gastronok
 37876 | D:11     | Identified a +0 giant spiked club
 37876 | D:11     | Identified a +1 shortbow of flaming
 37929 | D:11     | Identified a +0 giant spiked club
 37929 | D:11     | Identified a cursed -2 giant club
 38011 | D:11     | Identified a +3 long sword
 38011 | D:11     | Identified a +0 plate armour
 38116 | D:11     | Identified a +0 leather armour
 38193 | D:11     | Identified a +0 falchion
 38196 | D:11     | Identified a ring of teleportation (You found it on level
                  | 11 of the Dungeon)
 38245 | D:11     | Identified a +0 dagger
 38296 | D:11     | Identified 2 scrolls of teleportation
 38304 | D:11     | Identified 2 scrolls of immolation
 38364 | D:11     | Identified a +3 hand axe
 38364 | D:11     | Identified a +0 chain mail
 38391 | D:11     | Identified a +0 trident
 38391 | D:11     | Identified a +0 chain mail
 38486 | D:11     | Killed Gastronok
 38486 | D:11     | Reached skill level 5 in Spellcasting
 38522 | D:11     | Identified a +0 flail
 38570 | D:11     | Identified a +0 giant club
 38570 | D:11     | Identified a +0 giant spiked club
 38594 | D:11     | Received a gift from Okawaru
 38597 | D:11     | Identified a +2 dagger of venom (Okawaru gifted it to you
                  | on level 11 of the Dungeon)
 38722 | D:12     | Identified a +3 demon trident of draining
 38722 | D:12     | Identified a +2 scale mail of fire resistance
 38722 | D:12     | Noticed Urug
 38736 | D:12     | Reached skill level 5 in Hexes
 38759 | D:12     | Reached XP level 15. HP: 43/78 MP: 12/24
 38764 | D:12     | Killed Urug
 38850 | D:12     | Found Ohijeing's Armour Boutique.
 38972 | D:12     | Identified a +0 giant club
 38972 | D:12     | Identified a +0 giant club
 39077 | D:12     | Identified a +2 leather armour of positive energy
 39077 | D:12     | Identified a +0 dagger
 39077 | D:12     | Identified a +0 robe
 39079 | D:12     | Identified a +0 dagger
 39079 | D:12     | Identified a +0 leather armour
 39079 | D:12     | Identified a +0 short sword
 39079 | D:12     | Identified a +0 leather armour
 39081 | D:12     | Identified a +0 short sword
 39086 | D:12     | Identified a +0 shortbow
 39090 | D:12     | Identified a +0 shortbow
 39093 | D:12     | Identified a +0 shortbow
 39097 | D:12     | Identified a +0 shortbow
 39101 | D:12     | Identified a +0 shortbow
 39195 | D:12     | Identified a +0 dagger
 39195 | D:12     | Identified a +0 robe
 39195 | D:12     | Noticed Nergalle
 39212 | D:12     | Killed Nergalle
 39276 | D:12     | Found a staircase to the Orcish Mines.
 39332 | D:12     | Reached skill level 15 in Stealth
 39571 | D:12     | Identified a +4 scimitar of flaming
 39969 | Orc:1    | Entered Level 1 of the Orcish Mines
 39969 | Orc:1    | Identified a +0 giant club
 39969 | Orc:1    | Identified a +0 dire flail
 39969 | Orc:1    | Identified a +0 dire flail
 39996 | D:12     | Reached skill level 14 in Dodging
 39996 | D:12     | Reached skill level 6 in Evocations
 40088 | Orc:1    | Identified a +0 halberd
 40090 | Orc:1    | Identified a +0 whip
 40091 | Orc:1    | Identified a +0 club
 40096 | Orc:1    | Identified a +0 trident
 40098 | Orc:1    | Identified a +1 hand axe of venom
 40100 | Orc:1    | Identified a +4 dagger
 40100 | Orc:1    | Identified a +0 robe
 40155 | Orc:1    | Identified a +0 scimitar
 40155 | Orc:1    | Identified a +0 chain mail
 40160 | Orc:1    | Identified a cursed -1 flail
 40160 | Orc:1    | Identified a +0 plate armour
 40165 | Orc:1    | Identified a +0 battleaxe
 40165 | Orc:1    | Identified a cursed +0 chain mail
 40165 | Orc:1    | Noticed an orc warlord
 40165 | Orc:1    | Identified a +0 scimitar
 40165 | Orc:1    | Identified a +0 chain mail
 40176 | Orc:1    | Identified a +1 mace of protection
 40176 | Orc:1    | Identified a +0 plate armour
 40176 | Orc:1    | Identified a +0 halberd
 40176 | Orc:1    | Identified a +0 plate armour
 40176 | Orc:1    | Identified a cursed -2 mace
 40176 | Orc:1    | Identified a +0 chain mail
 40182 | Orc:1    | Killed an orc warlord
 40182 | Orc:1    | Received a gift from Okawaru
 40187 | Orc:1    | Identified a +0 glaive
 40187 | Orc:1    | Identified a +0 plate armour
 40187 | Orc:1    | Identified a +0 flail
 40187 | Orc:1    | Identified a +0 chain mail
 40189 | Orc:1    | Identified a +0 halberd
 40189 | Orc:1    | Identified a +3 plate armour of magic resistance
 40189 | Orc:1    | Noticed an orc warlord
 40189 | Orc:1    | Identified a +0 hand axe
 40189 | Orc:1    | Identified a +0 plate armour
 40189 | Orc:1    | Identified a +0 falchion
 40189 | Orc:1    | Identified a +0 ring mail
 40222 | Orc:1    | Identified a +0 dagger
 40222 | Orc:1    | Identified a +0 scale mail
 40222 | Orc:1    | Identified a +0 flail
 40223 | Orc:1    | Identified a +0 mace
 40223 | Orc:1    | Identified a +0 chain mail
 40223 | Orc:1    | Identified a +0 short sword
 40223 | Orc:1    | Identified a +0 scale mail
 40223 | Orc:1    | Identified a +3 dagger of speed
 40223 | Orc:1    | Identified a +0 robe
 40224 | Orc:1    | Identified a +0 long sword
 40224 | Orc:1    | Identified a +0 chain mail
 40224 | Orc:1    | Identified a +0 vorpal quarterstaff
 40224 | Orc:1    | Identified a +2 robe of cold resistance
 40224 | Orc:1    | Noticed Jorgrun
 40224 | Orc:1    | Identified a +0 club
 40251 | Orc:1    | Identified a +0 glaive
 40251 | Orc:1    | Identified a +0 plate armour
 40252 | Orc:1    | Identified a +0 long sword
 40252 | Orc:1    | Identified a +0 chain mail
 40348 | Orc:1    | Identified a +0 falchion
 40362 | Orc:1    | HP: 19/78 [orc warlord/+0 halberd (29)]
 40487 | Orc:1    | Killed an orc warlord
 40588 | Orc:1    | Identified a +0 trident
 40588 | Orc:1    | Identified a +0 chain mail
 40594 | Orc:1    | Identified a +0 scimitar
 40594 | Orc:1    | Identified a +0 chain mail
 40600 | Orc:1    | Identified a +0 dire flail
 40600 | Orc:1    | Identified a +0 giant club
 40743 | Orc:1    | Killed Jorgrun
 40743 | Orc:1    | Received a gift from Okawaru
 40799 | Orc:1    | Identified a +0 dagger
 40799 | Orc:1    | Identified a +0 robe
 40823 | Orc:1    | Identified a cursed -3 flail
 40823 | Orc:1    | Identified a +0 chain mail
 40835 | Orc:1    | Identified a +0 dagger
 40835 | Orc:1    | Identified a +0 leather armour
 40839 | Orc:1    | Identified a +0 dagger
 40839 | Orc:1    | Identified a +0 robe
 40845 | Orc:1    | Identified a +0 hand axe
 40845 | Orc:1    | Identified a +0 leather armour
 40845 | Orc:1    | Identified a +0 falchion
 40845 | Orc:1    | Identified a +0 ring mail
 40846 | Orc:1    | Identified a +0 dagger
 40846 | Orc:1    | Identified a cursed +0 robe
 40849 | Orc:1    | Found a roughly hewn altar of Beogh.
 40849 | Orc:1    | Identified a +0 flail
 40849 | Orc:1    | Identified a +0 leather armour
 40854 | Orc:1    | Identified a +0 dire flail
 40906 | Orc:1    | Identified a cursed -2 bardiche
 40906 | Orc:1    | Identified a cursed +0 plate armour
 40985 | Orc:1    | Identified a +0 club
 40985 | Orc:1    | Identified a +0 leather armour
 41019 | Orc:1    | Identified a +1 mace of protection
 41019 | Orc:1    | Identified a +0 chain mail
 41080 | Orc:1    | Reached skill level 6 in Spellcasting
 41196 | Orc:1    | Identified a +0 dagger
 41196 | Orc:1    | Identified a +2 robe of magic resistance
 41196 | Orc:1    | Identified a +0 dagger
 41196 | Orc:1    | Identified a +0 robe
 41312 | Orc:1    | Identified a +0 dagger
 41312 | Orc:1    | Identified a +0 robe
 41312 | Orc:1    | Identified a +0 great mace
 41312 | Orc:1    | Identified a +0 chain mail
 41508 | Orc:2    | Entered Level 2 of the Orcish Mines
 41530 | Orc:2    | Identified a +0 dire flail
 41530 | Orc:2    | Identified a +0 plate armour
 41531 | Orc:2    | Identified a +0 short sword
 41531 | Orc:2    | Identified a +0 leather armour
 41534 | Orc:2    | Identified a +0 ring mail
 41545 | Orc:2    | Identified a +0 giant club
 41634 | Orc:2    | Found a burning altar of Makhleb.
 41641 | Orc:2    | Identified a +0 club
 41641 | Orc:2    | Identified a +0 leather armour of cold resistance
 41641 | Orc:2    | Identified a +0 hand axe
 41643 | Orc:2    | Identified a +0 battleaxe
 41643 | Orc:2    | Identified a +0 plate armour
 41644 | Orc:2    | Identified a cursed -2 giant spiked club
 41649 | Orc:2    | Identified a +0 chain mail
 41668 | Orc:2    | Identified a +0 dagger
 41668 | Orc:2    | Identified a +0 robe
 41740 | Orc:1    | Reached skill level 6 in Hexes
 41823 | Orc:2    | Found a staircase to the Elven Halls.
 41839 | Orc:2    | Identified a +0 dagger
 41839 | Orc:2    | Identified a +0 robe
 41904 | Orc:2    | Identified a +0 short sword
 41904 | Orc:2    | Identified a +0 leather armour
 41911 | Orc:2    | Identified a +0 short sword
 41915 | Orc:2    | Identified a cursed -3 dagger
 41915 | Orc:2    | Identified a +0 robe
 41917 | Orc:2    | Identified a +1 trident of distortion
 41917 | Orc:2    | Identified a +0 chain mail
 41979 | Orc:1    | Identified a +0 whip
 41979 | Orc:1    | Identified a +0 dagger
 41979 | Orc:1    | Identified a +0 dagger
 41979 | Orc:1    | Identified a +0 robe
 41979 | Orc:1    | Identified a +0 war axe
 41979 | Orc:1    | Identified a cursed -1 dagger
 41979 | Orc:1    | Identified a +0 leather armour
 41979 | Orc:1    | Identified a cursed -3 flail
 41979 | Orc:1    | Identified a +0 club
 41982 | Orc:1    | Identified a +0 falchion
 41985 | Orc:1    | Identified a +0 battleaxe
 41985 | Orc:1    | Identified a +0 chain mail
 41985 | Orc:1    | Identified a +0 dagger
 41985 | Orc:1    | Identified a +0 robe
 41990 | Orc:1    | Identified a +0 whip
 41993 | Orc:1    | Identified a +0 scimitar
 41993 | Orc:1    | Identified a +0 plate armour
 42035 | Orc:1    | Identified a +0 giant spiked club
 42041 | Orc:1    | Identified a +0 trident
 42041 | Orc:1    | Identified a +0 plate armour
 42041 | Orc:1    | Identified a +0 club
 42041 | Orc:1    | Identified a +0 short sword
 42046 | Orc:1    | Identified a +0 dagger
 42046 | Orc:1    | Identified a +0 robe
 42049 | Orc:1    | Identified a +0 club
 42055 | Orc:1    | Reached skill level 9 in Fighting
 42149 | Orc:1    | Received a gift from Okawaru
 42149 | Orc:1    | Reached skill level 12 in Invocations
 42152 | Orc:1    | Got an opalescent robe {god gift}
 42163 | Orc:1    | Identified the +1 robe "Tuahea Seni" {rC+ Int-4 Dex+3}
                  | (Okawaru gifted it to you on level 1 of the Orcish Mines)
 42274 | Orc:1    | Identified a +0 short sword
 42274 | Orc:1    | Identified a +0 falchion
 42276 | Orc:1    | Identified a +0 short sword
 42276 | Orc:1    | Identified a +0 leather armour
 42511 | Orc:2    | Identified a +0 giant club
 42512 | Orc:2    | Identified a +0 giant spiked club
 42512 | Orc:2    | Identified a +0 giant club
 42514 | Orc:2    | Identified a +0 giant club
 42514 | Orc:2    | Identified a +0 giant spiked club
 42515 | Orc:2    | Identified a +0 halberd
 42515 | Orc:2    | Identified a +0 robe
 42567 | Orc:2    | Identified a +0 giant club
 42567 | Orc:2    | Identified a +0 giant spiked club
 42591 | Orc:2    | Identified a +0 giant club
 42599 | Orc:2    | Identified a +0 giant spiked club
 42599 | Orc:2    | Identified a +0 giant club
 42600 | Orc:2    | Identified a +0 halberd
 42600 | Orc:2    | Identified a +0 robe
 42620 | Orc:2    | Reached skill level 7 in Evocations
 42624 | Orc:2    | Identified a +0 giant club
 42624 | Orc:2    | Identified a +0 giant spiked club
 42639 | Orc:2    | Reached skill level 16 in Stealth
 42733 | Orc:2    | Identified a +0 giant spiked club
 42742 | Orc:2    | Identified a +0 spear
 42742 | Orc:2    | Identified a +0 robe
 42745 | Orc:2    | Identified a +0 giant club
 42745 | Orc:2    | Identified a +0 giant club
 42748 | Orc:2    | Identified a +0 giant club
 42822 | Orc:2    | Identified a +0 giant club
 42835 | Orc:2    | Identified a +0 giant spiked club
 42835 | Orc:2    | Identified a +0 giant club
 42841 | Orc:2    | Identified a +0 giant club
 42872 | Orc:2    | Identified a +0 giant spiked club
 42872 | Orc:2    | Identified a +0 giant club
 42876 | Orc:2    | Identified a +0 giant club
 42876 | Orc:2    | Identified a +0 giant club
 42894 | Orc:2    | Identified a +0 giant club
 42910 | Orc:2    | Identified a +0 giant club
 42910 | Orc:2    | Identified a +0 giant club
 42927 | Orc:2    | Learned a level 3 spell: Portal Projectile
 42928 | Orc:2    | Identified a +0 giant club
 42928 | Orc:2    | Identified a +0 great mace
 42938 | Orc:2    | Identified a +0 giant club
 42949 | Orc:2    | Identified a +0 giant club
 42953 | Orc:2    | Identified a +0 robe
 42954 | Orc:2    | Identified a +0 giant spiked club
 42954 | Orc:2    | Identified a +0 giant club
 42956 | Orc:2    | Identified a +0 giant spiked club
 42956 | Orc:2    | Identified a +0 giant club
 42958 | Orc:2    | Identified a +0 giant spiked club
 42958 | Orc:2    | Identified a +0 giant club
 42958 | Orc:2    | Identified a +0 giant club
 42960 | Orc:2    | Identified a +0 giant spiked club
 42963 | Orc:2    | Identified a cursed -1 giant club
 43243 | Orc:2    | Identified a +0 giant spiked club
 43260 | Orc:2    | Found Niahoibb's Food Shop.
 43260 | Orc:2    | Found Zuav Inu's Weapon Shoppe.
 43264 | Orc:2    | Found Hutu's Armour Shoppe.
 43264 | Orc:2    | Found Engiprod's Distillery.
 43268 | Orc:2    | Identified a +0 giant club
 43292 | Orc:2    | Bought a potion of cancellation for 112 gold pieces
 43292 | Orc:2    | Bought a potion of might for 56 gold pieces
 43292 | Orc:2    | Bought a potion of curing for 42 gold pieces
 43292 | Orc:2    | Bought a potion of heal wounds for 70 gold pieces
 43415 | Orc:2    | Reached skill level 1 in Translocations
 43480 | Orc:2    | Identified a +0 dagger
 43480 | Orc:2    | Identified a +0 robe
 43766 | D:13     | Identified a +0 shortbow
 43839 | D:13     | Identified a +0 rapier
 43839 | D:13     | Identified a +0 dagger
 43844 | D:13     | Identified a cursed -2 long sword
 43844 | D:13     | Identified a +0 scale mail
 43853 | D:13     | Identified a +0 dagger
 43948 | D:13     | Identified a +0 short sword
 43948 | D:13     | Identified a +0 leather armour
 43984 | D:13     | Identified a +0 long sword
 44040 | D:13     | Identified 2 potions of brilliance
 44048 | D:13     | Identified a +0 short sword
 44048 | D:13     | Identified a +0 leather armour
 44058 | D:13     | Reached XP level 16. HP: 84/84 MP: 27/27
 44128 | D:13     | Reached skill level 2 in Translocations
 44160 | D:13     | Identified a +0 short sword
 44286 | D:13     | Identified a +0 scimitar of flaming
 44324 | D:13     | Identified a +0 trident
 44407 | D:13     | Identified a +3 short sword of speed
 44407 | D:13     | Identified a +0 leather armour
 44407 | D:13     | Identified a +0 tower shield
 44413 | D:13     | Identified a +0 dagger
 44418 | D:13     | Reached skill level 7 in Spellcasting
 44429 | D:13     | Reached skill level 7 in Hexes
 44525 | D:13     | Identified a +2 vorpal long sword
 44677 | D:13     | Identified a +3 trident
 44679 | D:13     | Identified a +0 flail
 44793 | D:13     | Received a gift from Okawaru
 44831 | D:13     | Identified a +0 war axe
 45346 | D:13     | Received a gift from Okawaru
 45383 | D:13     | Identified a +0 giant club
 45383 | D:13     | Identified a +0 giant spiked club
 45460 | D:13     | Learned a level 4 spell: Cause Fear
 45611 | D:14     | Reached skill level 8 in Evocations
 45713 | D:14     | Reached skill level 3 in Translocations
 45738 | D:14     | Identified a +0 shortbow
 45741 | D:14     | Identified a +0 giant club
 45741 | D:14     | Identified a +0 giant club
 46049 | D:14     | Received a gift from Okawaru
 46063 | D:14     | Identified a +1 cloak of preservation (Okawaru gifted it to
                  | you on level 14 of the Dungeon)
 46134 | D:14     | Identified a +0 great sword
 46134 | D:14     | Identified a +0 ring mail
 46134 | D:14     | Identified a +0 great sword
 46134 | D:14     | Identified a +0 leather armour
 46199 | D:14     | Identified a +2 vorpal flail
 46231 | D:14     | Identified a +0 battleaxe
 46231 | D:14     | Identified a +0 plate armour
 46231 | D:14     | Identified a +1 long sword
 46231 | D:14     | Identified a +0 plate armour
 46303 | D:14     | Reached skill level 17 in Stealth
 46429 | D:14     | Identified a +0 broad axe
 46429 | D:14     | Identified a +1 plate armour of cold resistance
 46429 | D:14     | Identified a +0 tower shield
 46656 | D:14     | Identified a +0 kite shield
 46691 | D:14     | Identified a +0 great sword
 46691 | D:14     | Identified a +0 arbalest
 46691 | D:14     | Identified a +0 plate armour
 46815 | D:14     | Found a gate to the Vaults.
 46815 | D:14     | Identified a +0 broad axe
 46960 | D:14     | Identified a cursed -1 shortbow
 47001 | D:14     | Identified a +0 morningstar
 47030 | D:14     | Identified a +2 great sword of holy wrath
 47378 | D:14     | Reached skill level 15 in Dodging
 47378 | D:14     | Reached skill level 4 in Translocations
 47757 | D:15     | Entered Level 15 of the Dungeon
 47757 | D:15     | Identified a +0 arbalest
 47757 | D:15     | Identified a +0 arbalest
 47757 | D:15     | Identified a +0 arbalest
 47757 | D:15     | Identified a +0 arbalest
 47759 | D:15     | Identified a +0 arbalest
 48009 | D:15     | Identified a +0 shortbow
 48249 | D:15     | Identified a scroll of enchant weapon
 48326 | D:15     | Identified a +0 dagger
 48326 | D:15     | Identified a +0 robe
 48326 | D:15     | Identified a +0 dagger
 48329 | D:15     | Identified a +0 short sword
 48329 | D:15     | Identified a +0 dagger
 48329 | D:15     | Identified a +0 robe
 48449 | D:15     | Reached skill level 13 in Invocations
 48611 | D:15     | Identified a cursed -2 shortbow
 48718 | D:15     | Identified a cursed -1 long sword
 48718 | D:15     | Identified a +0 chain mail
 48744 | D:15     | Identified a +0 shortbow
 48748 | D:15     | Identified a +0 shortbow
 48750 | D:15     | Identified a +0 shortbow
 48849 | D:15     | Identified a +0 shortbow
 48941 | D:15     | Received a gift from Okawaru
 48942 | D:15     | HP: 21/84 [poisoned by a green ugly thing]
 48947 | D:15     | HP: 18/84 [poisoned by a green ugly thing]
 48952 | D:15     | HP: 17/84 [poisoned by a green ugly thing]
 48958 | D:15     | HP: 16/84 [poisoned by a green ugly thing]
 48964 | D:15     | HP: 17/84 [poisoned by a green ugly thing]
 48972 | D:15     | HP: 20/84 [poisoned by a green ugly thing]
 48977 | D:15     | Identified a +0 dagger
 48977 | D:15     | Identified a +0 robe
 49235 | D:15     | Identified a +0 short sword
 49239 | D:15     | Reached skill level 8 in Hexes
 49578 | D:15     | Reached skill level 8 in Spellcasting
 49645 | D:15     | Identified a cursed -2 long sword
 49645 | D:15     | Identified a +0 robe
 49663 | D:15     | Noticed a caustic shrike
 49839 | D:15     | Found a staircase to the Depths.
 49921 | D:15     | Identified a +0 shortbow
 49939 | D:15     | Got a crude shortbow {god gift}
 49941 | D:15     | Identified the +10 shortbow of No Interval {freeze, rC+
                  | SInv} (Okawaru gifted it to you on level 15 of the Dungeon)
 50290 | D:8      | Identified 2 potions of degeneration
 50345 | Swamp:1  | Entered Level 1 of the Swamp
 50440 | Swamp:1  | Reached skill level 5 in Translocations
 50441 | Swamp:1  | HP: 20/84 [alligator (18)]
 50649 | Swamp:1  | Reached skill level 9 in Evocations
 50654 | Swamp:1  | Learned a level 3 spell: Summon Guardian Golem
 50717 | Swamp:1  | Identified a ring of flight (You found it on level 1 of the
                  | Swamp)
 50736 | Swamp:1  | Identified a +0 spear
 50736 | Swamp:1  | Identified a +0 buckler
 51024 | Swamp:1  | Identified a scroll of noise
 51072 | Swamp:1  | Identified a scroll of summoning
 51073 | Swamp:1  | Identified an amulet of magic regeneration (You found it on
                  | level 1 of the Swamp)
 51271 | Swamp:2  | Received a gift from Okawaru
 51361 | Swamp:2  | Identified a +3 rapier of electrocution
 51361 | Swamp:2  | Identified a +2 cloak
 51361 | Swamp:2  | Identified a +1 pair of gloves
 51361 | Swamp:2  | Noticed Nikola
 51371 | Swamp:2  | You fall into a shaft and drop 1 floor!
 51403 | Swamp:3  | Reached skill level 18 in Stealth
 51423 | Swamp:2  | Noticed Roxanne
 51446 | Swamp:2  | Identified a +0 spear
 51457 | Swamp:2  | Identified a +0 spear
 51457 | Swamp:2  | Identified a +0 buckler
 51469 | Swamp:2  | HP: 18/85 [spiny frog (12)]
 51471 | Swamp:2  | HP: 3/85 [shambling mangrove (13)]
 51473 | Swamp:2  | Slain by a shambling mangrove

Table legend:
 A = Turns spent in this place as a percentage of turns spent in the entire game.
 B = Non-inter-level travel turns spent in this place as a percentage of non-inter-level travel turns spent in the entire game.
 C = Inter-level travel turns spent in this place as a percentage of turns spent in this place.
 D = Turns resting spent in this place as a percentage of non-inter-level travel turns spent in this place.
 E = Turns spent auto-exploring this place as a percentage of non-inter-level travel turns spent in this place.
 F = Non-inter-level travel turns spent in this place divided by the number of levels of this place that you've seen.
                   A       B       C       D       E      F
               +-------+-------+-------+-------+-------+----------------------
         Total | 100.0 | 100.0 |   4.5 |  23.8 |  37.4 | 1695.7
       Dungeon |  51.6 |  50.8 |   6.0 |  21.5 |  42.4 | 1665.7
        Temple |   0.3 |   0.3 |  11.2 |   0.0 |  97.9 | 142.0
          Lair |  36.8 |  37.5 |   2.8 |  29.7 |  30.3 | 3071.5
         Swamp |   1.9 |   2.0 |   0.4 |   1.9 |  57.9 | 323.0
  Orcish Mines |   7.0 |   7.0 |   4.3 |   9.0 |  40.3 | 1722.5
         Sewer |   2.1 |   2.2 |   0.0 |  50.9 |   9.9 | 1106.0
        Bailey |   0.2 |   0.2 |   0.0 |   0.0 |  31.6 |  98.0
               +-------+-------+-------+-------+-------+----------------------

Table legend:
 A = Kills in this place as a percentage of kills in entire the game.
 B = Kills by you in this place as a percentage of kills by you in the entire game.
 C = Kills by friends in this place as a percentage of kills by friends in the entire game.
 D = Other kills in this place as a percentage of other kills in the entire game.
 E = Experience gained in this place as a percentage of experience gained in the entire game.
 F = Experience gained in this place divided by the number of levels of this place that you have seen.
                   A       B       C       D       E      F
               +-------+-------+-------+-------+-------+----------------------
         Total | 100.0 | 100.0 |   N/A | 100.0 | 100.0 | 7430.5
       Dungeon |  52.6 |  52.5 |   N/A |  75.0 |  41.4 | 5944.3
          Lair |  25.3 |  25.5 |   N/A |   0.0 |  35.3 | 12687.0
         Swamp |   3.0 |   3.0 |   N/A |   0.0 |   6.0 | 4333.0
  Orcish Mines |  13.8 |  13.7 |   N/A |  25.0 |  16.6 | 17924.5
         Sewer |   4.7 |   4.7 |   N/A |   0.0 |   0.2 | 334.0
        Bailey |   0.6 |   0.6 |   N/A |   0.0 |   0.5 | 1016.0
               +-------+-------+-------+-------+-------+----------------------

Skill      XL: |  1  2  3  4  5  6  7  8  9 10 11 12 13 14 15 16 |
---------------+-------------------------------------------------+-----
Bows           | 5 6 7 8 9 11 12 13 14 | 14.0
Stealth        | 2 3 5 7 9 10 11 12 13 14 16 18 | 18.0
Short Blades   | 1 2 3 4 5 6 7 8 9 10 | 10.0
Fighting       | 2 3 4 5 6 7 8 9 |  9.8
Dodging        | 4 5 6 7 8 9 11 12 13 14 15 | 15.4
Invocations    | 4 6 8 10 11 12 13 | 13.3
Armour         | 1 3 4 |  4.2
Shields        | 1 3 |  3.0
Evocations     | 2 5 7 9 |  9.2
Spellcasting   | 2 5 6 8 |  8.2
Hexes          | 2 5 6 8 |  8.3
Translocations | 1 5 |  5.1

Action                   |  1- 3 |  4- 6 |  7- 9 | 10-12 | 13-15 | 16-18 || total
-------------------------+-------+-------+-------+-------+-------+-------++-------
Melee: Short sword       |   332 |   104 |    12 |       |       |       ||   448
       Dagger            |       |       |   414 |   706 |  1414 |   530 ||  3064
       Punch             |       |       |       |     1 |     2 |       ||     3
 Fire: Shortbow          |    39 |   152 |   448 |  1245 |  1275 |   782 ||  3941
Throw: Dart              |       |       |    18 |    86 |    55 |     7 ||   166
 Cast: Corona            |       |       |       |       |    10 |       ||    10
       Slow              |       |       |       |       |    32 |    47 ||    79
       Portal Projectile |       |       |       |       |     2 |     8 ||    10
Invok: Heroism           |       |       |       |     1 |     1 |       ||     2
       Finesse           |       |       |       |       |     1 |       ||     1
 Abil: Evoke Invisibilit |       |       |       |       |    16 |     3 ||    19
Evoke: Wand              |       |       |       |     6 |    16 |     3 ||    25
       Phial of floods   |       |       |       |     1 |     1 |       ||     2
  Use: Scroll            |     1 |       |     6 |     7 |    12 |     8 ||    34
       Potion            |       |       |     4 |     1 |     1 |     2 ||     8
 Stab: Sleeping          |     1 |     6 |     6 |    16 |    55 |     7 ||    91
       Distracted        |       |       |     2 |       |     2 |     2 ||     6
       Invisible         |       |       |       |       |    31 |     9 ||    40
       Paralysed         |       |       |       |       |     1 |       ||     1
  Eat: Ration            |       |     1 |     4 |     6 |    14 |     4 ||    29
Armor: Robe              |    15 |    10 |    19 |    11 |    15 |       ||    70
       Skin              |       |       |    48 |       |       |       ||    48
       Troll leather arm |       |       |       |       |    12 |    20 ||    32
Dodge: Dodged            |    96 |   116 |   357 |   434 |   903 |   335 ||  2241
Block: Buckler           |       |       |       |       |     9 |       ||     9

Vanquished Creatures
  Jorgrun (Orc:1)
  Gastronok (D:11)
  2 orc warlords (Orc:1)
  A stone giant (Orc:1)
  6 dire elephants (Lair:6)
  An ettin (D:12)
  Snorg (D:11)
  13 hydras
  A rakshasa (D:15)
  4 vault guards (D:14)
  A shambling mangrove (Lair:5)
  4 ogre magi (Orc:2)
  A centaur warrior (D:13)
  A catoblepas (Lair:5)
  An anaconda (Lair:6)
  3 death yaks (Lair:3)
  10 alligators
  Urug (D:12)
  20 two-headed ogres
  2 tengu warriors (D:14)
  An orc high priest (Orc:1)
  A shock serpent (shapeshifter) (D:15)
  4 skeletal warriors (D:13)
  Nergalle (D:12)
  2 unseen horrors
  A glowing orange brain (D:15)
  A glowing orange brain (shapeshifter) (D:14)
  A wizard (D:15)
  Pikel (D:4)
  6 orc knights
  An orb spider (shapeshifter) (D:13)
  A wolf spider (Lair:6)
  2 necromancers
  3 orc sorcerers
  15 ugly things
  8 oklob plants
  13 deep elf magi
  2 cyclopes
  3 manticores
  12 elephants
  2 centaur zombies
  3 black mambas
  Psyche (D:9)
  12 spiny frogs
  2 gargoyles (D:14)
  5 rime drakes
  9 komodo dragons
  2 efreet
  2 kobold demonologists (D:15)
  5 yaktaurs (D:15)
  2 tengu conjurers (D:14)
  4 tyrant leeches
  4 trolls
  A polar bear (Lair:5)
  6 hornets
  14 blink frogs
  14 hippogriffs
  7 dream sheep (Lair:6)
  15 slime creatures
  2 bog bodies
  Sigmund (D:4)
  A spriggan (Swamp:1)
  A water elemental (D:13)
  2 shadows
  8 wyverns
  A wraith (D:14)
  99 yaks
  A hungry ghost (D:12)
  9 basilisks
  8 humans (D:14)
  4 vampire mosquitoes
  4 nagas (Lair:2)
  6 swamp worms
  The ghost of Nebesus the Shield-Bearer, an amateur GrFi (D:4)
  Menkaure (D:4)
  3 hell hounds (Lair:6)
  An acid dragon (D:13)
  3 wargs
  13 water moccasins
  Duvessa (D:4)
  A meliai simulacrum (D:15)
  25 orc warriors
  13 porcupines
  5 ice beasts
  3 sky beasts
  A swamp drake (Swamp:1)
  A slave (D:4)
  A phantom (D:3)
  3 black bears
  30 ogres
  3 eyes of draining
  An elephant zombie (Lair:4)
  A necrophage (D:10)
  20 centaurs
  6 wolves
  13 crocodiles
  16 bullfrogs
  A gnoll sergeant (D:5)
  2 wyvern zombies
  A scorpion (shapeshifter) (D:15)
  3 scorpions
  A wyvern skeleton (D:14)
  Dowan (D:4)
  5 electric eels
  5 howler monkeys
  4 crimson imps
  2 quasits (D:7)
  3 bullfrog zombies
  4 jellies
  4 bullfrog skeletons
  6 hounds
  22 orc priests
  2 centaur skeletons
  A gnoll shaman (D:4)
  7 iguanas
  12 worker ants
  22 orc wizards
  A killer bee zombie (D:9)
  3 wolf simulacra (D:10)
  5 yak simulacra (D:10)
  A crocodile zombie (Lair:4)
  A hound zombie (D:7)
  3 hound skeletons
  Robin (D:2)
  A worker ant zombie (D:8)
  6 gnolls
  13 adders
  A river rat (D:5)
  2 shadow imps
  15 oozes
  An adder skeleton (D:8)
  5 worms
  3 dart slugs
  11 leopard geckos
  75 orcs
  13 giant cockroaches
  7 hobgoblins
  19 jackals
  5 quokkas
  7 ball pythons
  10 bats
  15 frilled lizards
  13 goblins
  4 kobolds
  A quokka skeleton (D:6)
  10 rats
  3 river rat simulacra (D:10)
  A bush (D:1)
  A fungus (Lair:2)
  7 plants
949 creatures vanquished.

Vanquished Creatures (others)
  An unseen horror (D:15)
  A black mamba (shapeshifter) (D:15)
  A slave (D:4)
  An orc priest (Orc:1)
  An orc (D:5)
  A bush (Lair:6)
  26 fungi
  30 plants
62 creatures vanquished.

Grand Total: 1011 creatures vanquished
